 Dungeon Crawl Stone Soup version 0.28-a0-1199-gef9e1dbd39 (webtiles) character file.

Game seed: 8791948385004683421

103 kae the Gusty (level 4, 0/21 (24) HPs)
             Began as a Tengu Air Elementalist on Dec 19, 2021.
             Succumbed to a kobold brigand's poison
             ... on level 3 of the Dungeon.
             The game lasted 00:01:50 (2981 turns).

kae the Gusty (Tengu Air Elementalist)              Turns: 2981, Time: 00:01:51

HP:   0/21 (24)     AC:  3    Str:  8    XL:     4   Next: 79%
MP:   1/9           EV: 12    Int: 17    God:
Gold: 173           SH:  0    Dex: 15    Spells: 6/9 levels left

rFire   . . .      SeeInvis .   (no weapon)
rCold   . . .      Faith    .   (no shield)
rNeg    . . .      Spirit   .   a - +0 robe
rPois   .          Reflect  .   (helmet restricted)
rElec   .          Harm     .   (no cloak)
rCorr   .          Rampage  .   c - +0 pair of gloves
Will    .....                   (boots unavailable)
Stlth   ++........              (no amulet)
HPRegen 0.07/turn               (no ring)
MPRegen 0.11/turn               (no ring)

@: lethally poisoned (0 -> -4), heavily drained
A: beak, talons 3
a: no special abilities


You were on level 3 of the Dungeon.
You visited 1 branch of the dungeon, and saw 3 of its levels.

You collected 173 gold pieces.

Inventory:

Armour
 a - a +0 robe (worn)
 c - a +0 pair of gloves (worn)
Jewellery
 h - an amulet of reflection
Scrolls
 f - a scroll of silence {unknown}
 g - a scroll of identify {unknown}
Potions
 b - a potion of curing {unknown}
 d - a potion of brilliance {unknown}
 e - a potion of attraction {unknown}


   Skills:
 - Level 2.1 Dodging
 - Level 2.0 Stealth
 + Level 3.0 Spellcasting
 + Level 3.5 Conjurations
 + Level 5.2 Air Magic


You had 6 spell levels left.
You knew the following spells:

 Your Spells              Type           Power      Damage    Failure   Level
a - Shock                 Conj/Air       68%        1d7       3%          1
b - Static Discharge      Conj/Air       17%        N/A       4%          2

Your spell library contained the following spells:

 Spells                   Type           Power      Damage    Failure   Level
 Swiftness                Air            20%        N/A       6%          3
 Airstrike                Air            10%        N/A       21%         4
 Gell's Gravitas          Tloc           2%         N/A       45%         3
 Lesser Beckoning         Tloc           2%         N/A       45%         3
 Teleport Other           Tloc           2%         N/A       45%         3


Dungeon Overview and Level Annotations

Branches:
Dungeon (3/15)

Altars:

Shops:
D:1 [   D:3 ([(


Innate Abilities, Weirdness & Mutations

You have a beak for a mouth.
You have claws for feet.


Message History

Confirm with . or Enter, or press ? or * to list all spells.
Aiming: Shock (safe; 3% risk of failure)
Press: ? - help, Shift-Dir - straight line, f/p - kobold brigand
Aim: a kobold brigand, wielding a +0 dagger of draining and quivering poisoned darts (heavily wounded, 64% to hit)
The zap hits the kobold brigand.
The kobold brigand is severely wounded.
You feel sick.
The kobold brigand hits you with a +0 dagger of draining.
You feel drained.
Casting: Shock (safe; 3% risk of failure)
Confirm with . or Enter, or press ? or * to list all spells.
Aiming: Shock (safe; 3% risk of failure)
Press: ? - help, Shift-Dir - straight line, f/p - kobold brigand
Aim: a kobold brigand, wielding a +0 dagger of draining and quivering poisoned darts (severely wounded, 64% to hit)
The zap hits the kobold brigand.
The kobold brigand is severely wounded.
You feel sick.
The kobold brigand hits you with a +0 dagger of draining.
* * * LOW HITPOINT WARNING * * *
You feel drained.
* * * LOW HITPOINT WARNING * * *
Casting: Shock (safe; 3% risk of failure)
Confirm with . or Enter, or press ? or * to list all spells.
Aiming: Shock (safe; 3% risk of failure)
Press: ? - help, Shift-Dir - straight line, f/p - kobold brigand
Aim: a kobold brigand, wielding a +0 dagger of draining and quivering poisoned darts (severely wounded, 64% to hit)
The zap misses the kobold brigand.
* * * LOW HITPOINT WARNING * * *
You feel sick.
The kobold brigand hits you with a +0 dagger of draining.
* * * LOW HITPOINT WARNING * * *
You feel drained.
Casting: Shock (safe; 3% risk of failure)
Confirm with . or Enter, or press ? or * to list all spells.
Aiming: Shock (safe; 3% risk of failure)
Press: ? - help, Shift-Dir - straight line, f/p - kobold brigand
Aim: a kobold brigand, wielding a +0 dagger of draining and quivering poisoned darts (severely wounded, 64% to hit)
The zap hits the kobold brigand.
The kobold brigand is almost dead.
You die...

######)#.###....#################
...................).............
######)#.#####################.##
######)### #.# .....).####### #.#
##...###.....### #.#
##......).....###### #.#
........#####.......###. #.#
.....####≈≈≈###.@K...... #####.#
###... ≈≈≈≈≈≈≈######...###.....#
......≈≈≈≈≈≈K≈ #####...#####
#....#...≈≈≈#### #.....###
.....#.#...#########.############
####.#.###.# ........# #......#
........#####.......
....................
####.........#......


You could see a kobold brigand.

Vanquished Creatures
  4 adders
  2 worms (D:3)
  3 orcs (D:3)
  2 ball pythons (D:1)
  8 endoplasms
  3 giant cockroaches
  5 goblins
  7 hobgoblins
  4 quokkas
  7 bats
  5 kobolds
  A rat (D:3)
51 creatures vanquished.

Notes
Turn   | Place    | Note
-------+----------+-------------------------------------------
     0 | D:1      | kae the Tengu Air Elementalist began the quest for the Orb.
     0 | D:1      | Reached XP level 1. HP: 10/10 MP: 4/4
     2 | D:1      | Noticed a tengu
     4 | D:1      | Noticed a demigod
     4 | D:1      | Noticed an ogre
     7 | D:1      | Noticed a formicid
     9 | D:1      | Noticed a dwarf
    11 | D:1      | Noticed a merfolk
    13 | D:1      | Noticed a minotaur
    13 | D:1      | Noticed a ghoul
    15 | D:1      | Noticed a draconian
    15 | D:1      | Noticed a vampire
    17 | D:1      | Noticed a troll
    17 | D:1      | Noticed a human
    19 | D:1      | Noticed a gargoyle
    21 | D:1      | Noticed a vine stalker
    21 | D:1      | Noticed a demonspawn
    23 | D:1      | Noticed an octopode
    23 | D:1      | Noticed a felid
    25 | D:1      | Noticed a naga
    25 | D:1      | Noticed an elf
    27 | D:1      | Noticed a spriggan
    31 | D:1      | Found Jyihisyti's Armour Shoppe.
   258 | D:1      | Reached XP level 2. HP: 15/15 MP: 3/6
   625 | D:1      | Found a faded altar of an unknown god.
  1204 | D:2      | Reached XP level 3. HP: 19/19 MP: 3/7
  1360 | D:2      | Learned a level 2 spell: Static Discharge
  1769 | D:2      | Reached XP level 4. HP: 18/24 MP: 3/9
  2035 | D:3      | Reached skill level 5 in Air Magic
  2055 | D:3      | Found Siusm's Weapon Shoppe.
  2305 | D:3      | Found Layntiol's Armour Shop.
  2571 | D:3      | Found Fucweal's Weapon Boutique.
  2969 | D:3      | Noticed a kobold brigand
  2980 | D:3      | HP: 1/22 [kobold brigand (1)]
  2981 | D:3      | Succumbed to a kobold brigand's poison

Illustrated notes

Levels and vault maps discovered:
D:1:      kb_arrival_jail, layout_rooms, serial_shops, shop_coins,
          hellmonk_ecumenical_altar_lost_god
D:2:      layout_rooms, minivault_11
D:3:      cheibrodos_thug_alley, layout_basic, serial_shops,
          nicolae_diamond_shop, shop, nicolae_shop_hallway_stairs,
          nicolae_elevator_lobby_asterisk

Skill      XL: |  1  2  3  4 |
---------------+-------------+-----
Conjurations   | 2 3 |  3.5
Air Magic      | 5 |  5.2
Spellcasting   | 3 |  3.0
Dodging        | |  2.1
Stealth        | |  2.0

Action                   |  1- 3 |  4- 6 || total
-------------------------+-------+-------++-------
Melee: Unarmed           |    24 |    29 ||    53
       Kick              |     5 |    12 ||    17
       Peck              |     2 |     6 ||     8
 Cast: Shock             |    63 |    59 ||   122
  Use: Scroll            |     1 |       ||     1
Armor: Robe              |    23 |     2 ||    25
Dodge: Dodged            |    30 |    24 ||    54

Table legend: (Time is in decaauts)
 A = Elapsed time spent in this place.
 B = Non-inter-level travel time spent in this place.
 C = Inter-level travel time spent in this place.
 D = Time resting spent in this place.
 E = Time spent auto-exploring this place.
 F = Levels seen in this place.
 G = Mean time per level.
                   A        B        C        D        E       F      G
               +--------+--------+--------+--------+--------+-----+--------+
         Total |   2980 |   2940 |     40 |    661 |   1953 |   3 |  993.3 |
       Dungeon |   2980 |   2940 |     40 |    661 |   1953 |   3 |  993.3 |
               +--------+--------+--------+--------+--------+-----+--------+

Top non-repeatable levels by time:
     D:1: 1092 daAuts
     D:3: 980 daAuts
     D:2: 907 daAuts
